 Dungeon Crawl Stone Soup version 0.23-a0-143-g1adec7b (webtiles) character file.

193337 nikopol the Sorcerer (level 17, -7/84 HPs)
             Began as a Deep Elf Fire Elementalist on Aug 29, 2018.
             Was the Champion of Vehumet.
             Mangled by a trident of freezing (21 damage)
             ... on level 1 of the Elven Halls on Sept 6, 2018.
             The game lasted 03:18:07 (43782 turns).

nikopol the Sorcerer (Deep Elf Fire Elementalist)  Turns: 43782, Time: 03:18:07

Health: -7/84      AC: 11    Str:  5    XL:     17   Next: 64%
Magic:  6/45       EV: 23    Int: 30    God:    Vehumet [******]
Gold:   2968       SH: 14    Dex: 15    Spells: 21/61 levels left

rFire    + . .     SeeInvis .   J - staff of energy
rCold    . . .     Gourm    .   C - +3 buckler {reflect}
rNeg     . . .     Faith    .   l - +2 robe {rC+}
rPois    .         Spirit   .   L - +2 hat {MR+}
rElec    .         Reflect  +   O - +1 cloak of the Komtur {Slay+3}
rCorr    .         Harm     .   x - +1 pair of gloves
MR       +++..                  D - +0 pair of boots
Stlth    +++.......             o - +6 amulet of reflection
HPRegen  0.24/turn              N - ring of Secrets {MR+ EV+6 Int+2}
MPRegen  0.29/turn              a - ring of fire

@: no status effects
A: no striking features
}: 1/15 runes: decaying
a: Renounce Religion


You were on level 1 of the Elven Halls.
You worshipped Vehumet.
Vehumet was exalted by your worship.
You were not hungry.

You visited 5 branches of the dungeon, and saw 28 of its levels.
You also visited: Ice Cave.

You collected 3459 gold pieces.
You spent 491 gold pieces at shops.

Inventory:

Hand Weapons
 E - the +9 staff of Olgreb {rPois}
   (You acquired it on level 1 of the Swamp)

   It protects you from poison.
Armour
 l - a +2 robe of cold resistance (worn)
 x - a +1 pair of gloves (worn)
 C - a +3 buckler of reflection (worn)
 D - a +0 pair of boots (worn)
 L - a +2 hat of magic resistance (worn)
 O - the +1 cloak of the Komtur (worn) {Slay+3}
   (You found it on level 11 of the Dungeon)

   It affects your accuracy and damage with ranged weapons and melee attacks
   (+3).
Magical Staves
 J - an uncursed staff of energy (weapon)
Jewellery
 a - a ring of fire (right hand)
 o - a +6 amulet of reflection (around neck)
 p - an uncursed ring of positive energy
 r - an uncursed ring of resist corrosion
 H - an uncursed ring of poison resistance
 N - the ring of Secrets (left hand) {MR+ EV+6 Int+2}
   (You found it on level 2 of the Lair of Beasts)

   [ring of evasion]

   It affects your evasion (+6).
   It affects your intelligence (+2).
   It affects your resistance to hostile enchantments.
 P - the ring "Watour" {+Fly MR+ EV+3 Int-2}
   (You took it off a kobold demonologist on level 14 of the Dungeon)

   [ring of evasion]

   It affects your evasion (+3).
   It affects your intelligence (-2).
   It affects your resistance to hostile enchantments.
   It lets you fly.
Wands
 b - a wand of acid (17)
 h - a wand of disintegration (39)
 n - a wand of paralysis (64)
 B - a wand of enslavement (23)
 F - a wand of polymorph (66)
 G - a wand of digging (31)
 T - a wand of scattershot (6)
 U - a wand of iceblast (36)
Scrolls
 d - 7 scrolls of blinking
 e - 3 scrolls of enchant weapon
 i - 7 scrolls of amnesia
 j - 8 scrolls of teleportation
 t - 5 scrolls of immolation
 y - 5 scrolls of fog
 z - 5 scrolls of remove curse
 A - 6 scrolls of enchant armour
 K - a scroll of identify
 V - a scroll of summoning
 Z - a scroll of magic mapping
Potions
 f - 6 potions of mutation
 k - 2 potions of invisibility
 m - a potion of magic
 q - 10 potions of heal wounds
 s - 5 potions of might
 u - 13 potions of curing
 v - 6 potions of flight
 w - 2 potions of brilliance
 I - 6 potions of lignification
 M - 3 potions of ambrosia
 R - 2 potions of resistance
 S - 2 potions of haste
 W - 2 potions of cancellation
 X - a potion of berserk rage
 Y - 3 potions of agility
Comestibles
 c - 52 rations
 g - 4 chunks of flesh


   Skills:
 + Level 2.1 Fighting
 + Level 8.0 Dodging
 + Level 5.9 Stealth
 + Level 5.5 Shields
 + Level 22.6 Spellcasting
 + Level 17.6 Conjurations
 + Level 1.2 Translocations
 + Level 17.3 Fire Magic
 + Level 1.1 Ice Magic
 + Level 0.5 Air Magic
 + Level 5.9 Earth Magic


You had 21 spell levels left.
You knew the following spells:

 Your Spells              Type           Power        Failure   Level  Hunger
a - Flame Tongue          Conj/Fire      #####        0%          1    None
b - Throw Flame           Conj/Fire      ######       0%          2    None
c - Conjure Flame         Conj/Fire      ########     0%          3    None
d - Sticky Flame          Conj/Fire      ########     0%          4    None
e - Fireball              Conj/Fire      ########..   0%          5    None
f - Force Lance           Conj/Tloc      ######..     1%          4    None
g - Bolt of Magma         Conj/Fire/Erth ########..   1%          5    None
h - Blink                 Tloc           N/A          1%          2    None
i - Ignition              Fire           ########..   1%          8    None
j - Freezing Cloud        Conj/Ice/Air   ######....   3%          6    None

Your spell library contained the following spells:

 Spells                   Type           Power        Failure   Level  Hunger
 Glaciate                 Conj/Ice       ######....   99%         9    None
 Shatter                  Erth           ######....   100%        9    None
 Magic Dart               Conj           ####         0%          1    None
 Animate Skeleton         Necr           N/A          1%          1    None
 Confusing Touch          Hex            ####..       1%          1    None
 Pain                     Necr           ####         1%          1    None
 Summon Butterflies       Summ           ####....     1%          1    None
 Call Imp                 Summ           ####....     1%          2    None
 Poisonous Vapours        Pois/Air       #####.       1%          2    None
 Slow                     Hex            ####....     1%          2    None
 Gell's Gravitas          Tloc           #####.....   1%          3    None
 Inner Flame              Hex/Fire       #######.     1%          3    None
 Mephitic Cloud           Conj/Pois/Air  ######..     1%          3    None
 Recall                   Summ/Tloc      N/A          2%          3    None
 Petrify                  Tmut/Erth      ######..     2%          4    None
 Call Canine Familiar     Summ           ####....     3%          3    None
 Confuse                  Hex            ####....     3%          3    None
 Regeneration             Chrm/Necr      ####......   3%          3    None
 Vampiric Draining        Necr           ####......   3%          3    None
 Yara's Violent Unravell  Hex/Tmut       ####......   7%          5    None
 Summon Ice Beast         Ice/Summ       #####...     8%          4    None
 Borgnjor's Vile Clutch   Necr/Erth      ######....   8%          5    None
 Animate Dead             Necr           N/A          10%         4    None
 Metabolic Englaciation   Hex/Ice        #####.....   22%         5    None
 Ring of Flames           Chrm/Fire      #######...   22%         7    None
 Summon Mana Viper        Hex/Summ       ####....     26%         5    None
 Simulacrum               Ice/Necr       #####.....   75%         6    None
 Death Channel            Necr           ####......   83%         6    None
 Summon Hydra             Summ           ####......   100%        7    None


Dungeon Overview and Level Annotations

Branches:
Dungeon (15/15)            Temple (0/1) D:6            Lair (6/6) D:9
  Swamp (4/4) Lair:3        Snake (0/4) Lair:2        Slime (0/5) Lair:6
    Orc (2/2) D:10            Elf (1/3) Orc:2        Vaults (0/5) D:13
 Depths (0/5) D:15

Altars:
Ashenzari
Cheibriados
Dithmenos
Fedhas
Makhleb
Okawaru
Ru
Trog
Vehumet
Yredelemnul
The Shining One

Shops:
D:7 [   Orc:2 ?!(}

Portals:
Pandemonium: Orc:2
Trove: D:11 (give +2 storm dragon scales)

Annotations:
D:8 3 runed doors, tilp's ghost, novice DrCj


Message History

Confirm with . or Enter, or press ? or * to list all spells.
Aiming: Bolt of Magma (safe; 1% risk of failure)
Press: ? - help, Shift-Dir - straight line, f/p - trident of freezing
Aim: a trident of freezing (severely damaged)
You feel a surge of power!
The bolt of magma misses the trident of freezing.
The trident of freezing hits you from afar.
The trident of freezing freezes you.
The trident of freezing closely misses you.
You block the trident of freezing's attack.
You block the trident of freezing's attack.
The trident of freezing hits you but does no damage.
The trident of freezing barely misses you.
You block the trident of freezing's attack.
The trident of freezing hits you from afar!!
* * * LOW HITPOINT WARNING * * *
The trident of freezing freezes you.
* * * LOW HITPOINT WARNING * * *
The trident of freezing hits you from afar!!
You die...

#.................######
#.......8.8.......#....#
###..)..)...........#....##
..#.8....[.....)..8.#.....#
###.......)...[.[...#.....##
# ##....8.)[..8....##......#
# ###......)....####......#
#######.###.###.#####......#
##.#..#.........@.........##
..................>.......#
##.#####...).....#(......##
#.....#.........#.......#
#####.#.........###...###
#.#.........#.......#
#.#.........#.......#
####.#.........#.......#
#.............(#.......#


You could see a trident of freezing.

Vanquished Creatures
  Rupert (D:15)
  Gastronok (Orc:1)
  3 thorn hunters (Swamp:3)
  An azure jelly (Swamp:4)
  A frost giant (IceCv)
  Louise (D:15)
  A dire elephant (D:15)
  A spark wasp (shapeshifter) (D:14)
  Snorg (Orc:1)
  2 ettins (Orc:1)
  The ghost of TheNamelessOne the Cleaver, a journeyman HuFi of Nemelex Xobeh (Orc:2)
  A fire dragon (Lair:1)
  Josephine (Swamp:1)
  A great orb of eyes (D:15)
  11 hydras
  A ghost crab (Swamp:3)
  Erolcha (D:9)
  3 ice dragons (Swamp:4)
  9 two-headed ogres
  6 centaur warriors
  A catoblepas (D:13)
  An ogre mage (D:14)
  A deep troll earth mage (D:14)
  4 dancing weapons
  13 alligators
  5 orc high priests (Orc:2)
  2 deep elf knights (Elf:1)
  Urug (Orc:2)
  16 spriggans
  4 skeletal warriors (D:14)
  Nergalle (Lair:4)
  A deep troll (D:14)
  2 infernal demonspawn (Orc:2)
  3 deep elf archers (Elf:1)
  An unseen horror (D:14)
  4 spriggan druids
  2 shambling mangroves
  5 swamp dragons
  5 orc knights
  Pikel (D:6)
  9 ugly things (D:14)
  17 deep elf magi
  An orb spider (shapeshifter) (D:13)
  2 fauns (shapeshifter)
  7 orc sorcerers
  A wolf spider zombie (D:14)
  3 oklob plants
  3 cyclopes
  3 manticores
  5 black mambas
  A salamander (D:15)
  7 elephants
  23 spiny frogs
  An ice statue (IceCv)
  A molten gargoyle (Lair:1)
  3 gargoyles
  3 orange demons (Orc:2)
  3 kobold demonologists
  2 rime drakes
  6 freezing wraiths
  19 komodo dragons
  A yaktaur (D:14)
  2 efreet
  3 tengu conjurers
  An ice devil (Orc:2)
  3 meliai (D:14)
  A troll (shapeshifter) (D:14)
  23 polar bears
  A merfolk (shapeshifter) (D:13)
  7 trolls
  A polar bear (shapeshifter) (D:14)
  8 tyrant leeches
  15 hornets
  18 blink frogs
  26 slime creatures
  Prince Ribbit (D:5)
  8 hippogriffs
  9 bog bodies
  5 dream sheep (Lair:6)
  A centaur simulacrum (D:15)
  5 shadows
  3 air elementals (Elf:1)
  2 vampires
  A tarantella (shapeshifter) (D:13)
  A fire elemental (Lair:1)
  2 water elementals (Elf:1)
  75 yaks
  3 wyverns
  5 wraiths (Swamp:1)
  A ynoxinul (Orc:2)
  8 basilisks
  A neqoxec (Orc:2)
  4 swamp worm simulacra (Swamp:4)
  A hungry ghost (D:9)
  15 vampire mosquitoes
  15 hydra simulacra (Swamp:4)
  2 acid dragons (D:14)
  A warg (Orc:2)
  19 insubstantial wisps
  10 swamp worms
  A soldier ant (D:14)
  9 porcupines
  23 water moccasins
  A meliai simulacrum (D:15)
  3 ice beasts
  2 swamp drakes
  4 phantoms
  39 orc warriors
  3 sky beasts
  A hornet zombie (D:5)
  4 boggarts (Lair:6)
  A necrophage (D:6)
  14 ogres
  9 centaurs
  30 wolves
  13 crocodiles
  16 bullfrogs
  A wyvern zombie (D:14)
  An earth elemental (Elf:1)
  A wyvern skeleton (D:14)
  A water moccasin skeleton (D:9)
  5 scorpions
  49 killer bees
  15 wights
  An electric eel (Lair:2)
  2 howler monkeys
  6 crimson imps
  A lava snake (Lair:1)
  A bullfrog zombie (D:6)
  7 hounds
  A quasit (D:11)
  7 jellies
  2 centaur zombies
  17 orc priests
  4 bullfrog skeletons
  7 centaur skeletons
  23 orc wizards
  Ijyb (D:5)
  6 worker ants
  4 iguanas
  A hound skeleton (D:8)
  Robin (D:2)
  4 gnolls (D:6)
  18 adders
  2 shadow imps
  2 oozes
  4 swamp drake simulacra (Swamp:4)
  2 adder zombies (D:6)
  2 adder skeletons
  2 worms (D:2)
  2 dart slugs
  5 leopard geckos
  109 orcs
  2 ball pythons
  3 giant cockroaches
  10 goblins
  2 hobgoblins
  4 kobolds (D:3)
  4 quokkas
  A bat (D:2)
  8 frilled lizards
  A jackal skeleton (D:5)
  7 rats
  6 bushes (Lair:6)
  4 fungi (Lair:6)
  8 plants
1099 creatures vanquished.

Vanquished Creatures (others)
  A tyrant leech (Swamp:4)
  Grinder (D:6)
  A slave (D:6)
  A bullfrog (D:6)
  16 fungi
  13 plants
  2 withered plants (Orc:2)
35 creatures vanquished.

Grand Total: 1134 creatures vanquished

Notes
Turn   | Place    | Note
-------+----------+-------------------------------------------
     0 | D:1      | nikopol the Deep Elf Fire Elementalist began the quest for
                  | the Orb.
     0 | D:1      | Reached XP level 1. HP: 10/10 MP: 6/6
   397 | D:1      | Reached XP level 2. HP: 15/15 MP: 4/8
  1172 | D:2      | Found an iron altar of Okawaru.
  1280 | D:2      | Reached XP level 3. HP: 19/19 MP: 6/10
  1284 | D:2      | Learned a level 2 spell: Throw Flame
  1288 | D:2      | Learned a level 3 spell: Conjure Flame
  1790 | D:2      | Noticed Robin
  1811 | D:2      | Killed Robin
  2056 | D:3      | Reached XP level 4. HP: 24/24 MP: 8/11
  2309 | D:3      | Reached skill level 4 in Spellcasting
  2665 | D:3      | Reached XP level 5. HP: 27/28 MP: 9/13
  2680 | D:3      | Reached skill level 1 in Shields
  2884 | D:4      | Noticed a two-headed ogre
  2897 | D:4      | Killed a two-headed ogre
  2897 | D:4      | Reached skill level 6 in Spellcasting
  2897 | D:4      | Reached skill level 5 in Fire Magic
  2897 | D:4      | Reached XP level 6. HP: 32/32 MP: 0/17
  2897 | D:4      | Reached XP level 7. HP: 36/36 MP: 0/18
  2936 | D:3      | Learned a level 4 spell: Sticky Flame
  2942 | D:3      | Learned a level 5 spell: Fireball
  3600 | D:4      | Reached XP level 8. HP: 28/41 MP: 13/19
  3775 | D:4      | Found a sacrificial altar of Ru.
  3775 | D:4      | Found a glowing golden altar of the Shining One.
  3780 | D:4      | Found a bloodstained altar of Trog.
  3782 | D:4      | Found a burning altar of Makhleb.
  3783 | D:4      | Found a radiant altar of Vehumet.
  3786 | D:4      | Became a worshipper of Vehumet
  3987 | D:4      | Reached skill level 7 in Spellcasting
  4369 | D:5      | Entered Level 5 of the Dungeon
  4767 | D:5      | Noticed Prince Ribbit
  4856 | D:5      | Killed Prince Ribbit
  4962 | D:5      | Upgraded the game from 0.23-a0-137-gef0ad6d to
                  | 0.23-a0-139-ga22e90c
  4982 | D:5      | Reached skill level 5 in Conjurations
  5128 | D:5      | Noticed Ijyb
  5135 | D:5      | Killed Ijyb
  5676 | D:6      | Reached skill level 8 in Spellcasting
  5700 | D:6      | Found a staircase to the Ecumenical Temple.
  5748 | D:6      | Noticed Pikel
  5775 | D:6      | Killed Pikel
  5775 | D:6      | Reached skill level 5 in Stealth
  5775 | D:6      | Reached XP level 9. HP: 46/46 MP: 9/23
  6135 | D:6      | Killed Grinder
  6253 | D:6      | Reached * piety under Vehumet
  6253 | D:6      | Offered knowledge of Magic Dart by Vehumet.
  6401 | D:6      | Reached skill level 1 in Fighting
  6873 | D:7      | Reached skill level 9 in Spellcasting
  7331 | D:7      | Found a snail-covered altar of Cheibriados.
  7339 | D:7      | Reached skill level 5 in Dodging
  7711 | D:7      | Reached skill level 10 in Spellcasting
  7858 | D:7      | Found Gadeffaa's Antique Armour Emporium.
  7880 | D:7      | Bought a pair of dazzling gloves for 285 gold pieces
  7890 | D:7      | Identified the cursed -4 pair of gloves "Vompeuv" {rElec
                  | rPois Str+6 Int-5} (You bought it in a shop on level 7 of
                  | the Dungeon)
  8299 | D:8      | Noticed a two-headed ogre
  8303 | D:8      | Killed a two-headed ogre
  8303 | D:8      | Reached XP level 10. HP: 51/51 MP: 8/26
  8481 | D:8      | Reached ** piety under Vehumet
  8750 | D:8      | Noticed a two-headed ogre
  8753 | D:8      | Killed a two-headed ogre
  8753 | D:8      | Reached skill level 11 in Spellcasting
  8759 | D:8      | Offered knowledge of Sting by Vehumet.
  8911 | D:8      | Found a runed gate.
  8912 | D:8      | Found a runed gate.
  8912 | D:8      | Found a runed gate.
  8912 | D:8      | Noticed tilp's ghost (novice DrCj)
  9412 | D:9      | Noticed a two-headed ogre
  9416 | D:9      | Killed a two-headed ogre
  9416 | D:9      | Reached skill level 12 in Spellcasting
  9900 | D:9      | Noticed Erolcha
  9903 | D:9      | Killed Erolcha
  9971 | D:9      | Found a staircase to the Lair.
 10005 | D:9      | Found a shadowy altar of Dithmenos.
 10006 | D:9      | Found a blossoming altar of Fedhas.
 10009 | D:9      | Found a basalt altar of Yredelemnul.
 10125 | Lair:1   | Entered Level 1 of the Lair of Beasts
 10125 | Lair:1   | Noticed a spiny frog
 10138 | D:9      | Reached XP level 11. HP: 24/55 MP: 29/29
 10839 | Lair:1   | Reached skill level 13 in Spellcasting
 10848 | Lair:1   | Offered knowledge of Mephitic Cloud by Vehumet.
 11256 | Lair:1   | Reached *** piety under Vehumet
 11256 | Lair:1   | Reached skill level 10 in Fire Magic
 11675 | Lair:1   | Reached skill level 10 in Conjurations
 11926 | Lair:1   | Noticed a fire dragon
 12076 | Lair:1   | Noticed a five-headed hydra
 12128 | Lair:1   | Killed a five-headed hydra
 12669 | Lair:2   | Reached skill level 14 in Spellcasting
 12775 | Lair:2   | Got a warped marble ring
 12906 | Lair:2   | Offered knowledge of Iskenderun's Mystic Blast by Vehumet.
 12995 | Lair:2   | Reached XP level 12. HP: 46/62 MP: 27/32
 13444 | Lair:2   | Identified the ring of Secrets {MR+ EV+6 Int+2} (You found
                  | it on level 2 of the Lair of Beasts)
 13670 | Lair:2   | Reached **** piety under Vehumet
 13676 | Lair:2   | Found a staircase to the Snake Pit.
 14510 | Lair:3   | Found a staircase to the Swamp.
 14803 | Lair:3   | Offered knowledge of Force Lance by Vehumet.
 14809 | Lair:3   | Learned a level 4 spell: Force Lance
 14842 | Lair:3   | Reached skill level 15 in Spellcasting
 15703 | Lair:4   | Noticed a four-headed hydra
 15722 | Lair:4   | Killed a four-headed hydra
 15887 | Lair:4   | Noticed Nergalle
 15892 | Lair:4   | Killed Nergalle
 16293 | Lair:4   | Reached skill level 16 in Spellcasting
 16397 | Lair:4   | Reached XP level 13. HP: 66/66 MP: 27/35
 16900 | Lair:5   | Found a frozen archway.
 16909 | IceCv    | Entered an ice cave
 16912 | IceCv    | Reached ***** piety under Vehumet
 16912 | IceCv    | Offered knowledge of Bolt of Magma by Vehumet.
 16919 | IceCv    | Learned a level 5 spell: Bolt of Magma
 17957 | IceCv    | Noticed a frost giant
 17977 | IceCv    | Killed a frost giant
 17977 | IceCv    | Reached skill level 17 in Spellcasting
 19399 | Lair:5   | Reached skill level 5 in Shields
 20249 | Lair:5   | Upgraded the game from 0.23-a0-139-ga22e90c to
                  | 0.23-a0-143-g1adec7b
 20277 | Lair:6   | Entered Level 6 of the Lair of Beasts
 20618 | Lair:6   | Offered knowledge of Orb of Destruction by Vehumet.
 20767 | Lair:6   | Reached XP level 14. HP: 54/71 MP: 15/37
 21495 | Lair:6   | Reached skill level 18 in Spellcasting
 22182 | Lair:6   | Found a staircase to the Slime Pits.
 23998 | D:10     | Entered Level 10 of the Dungeon
 24030 | D:10     | Learned a level 2 spell: Blink
 24467 | D:10     | Offered knowledge of Freezing Cloud by Vehumet.
 24751 | D:10     | Found a staircase to the Orcish Mines.
 25214 | D:10     | Learned a level 6 spell: Freezing Cloud
 25218 | Orc:1    | Entered Level 1 of the Orcish Mines
 25584 | Orc:1    | Reached skill level 19 in Spellcasting
 25653 | Orc:1    | Noticed Gastronok
 25659 | Orc:1    | Killed Gastronok
 26062 | Orc:1    | Reached skill level 1 in Earth Magic
 26076 | Orc:1    | Noticed Snorg
 26081 | Orc:1    | Killed Snorg
 26369 | Orc:2    | Entered Level 2 of the Orcish Mines
 26371 | Orc:2    | Noticed Urug
 26374 | Orc:2    | Killed Urug
 26374 | Orc:2    | Offered knowledge of Lee's Rapid Deconstruction by Vehumet.
 26815 | Orc:2    | Found a staircase to the Elven Halls.
 26881 | Orc:2    | Found a runed door.
 26882 | Orc:2    | Noticed TheNamelessOne's ghost (journeyman HuFi)
 27004 | Orc:2    | Found Uteikeot's Magic Scroll Boutique.
 27048 | Orc:2    | Found Kyfilept's Distillery.
 27199 | Orc:2    | Reached XP level 15. HP: 75/75 MP: 28/40
 27254 | Orc:2    | Bought a scroll of teleportation for 36 gold pieces
 27286 | Orc:2    | Bought a potion of heal wounds for 50 gold pieces
 27288 | Orc:2    | Bought a scroll of identify for 24 gold pieces
 27288 | Orc:2    | Bought 3 scrolls of identify for 72 gold pieces
 27288 | Orc:2    | Bought a scroll of identify for 24 gold pieces
 27381 | Orc:2    | Reached skill level 15 in Conjurations
 28400 | Orc:2    | Found Wigocew's Gadget Shoppe.
 28400 | Orc:2    | Found Minubant's Antique Weapon Emporium.
 28401 | Orc:2    | Found a one-way gate leading to the halls of Pandemonium.
 28466 | Orc:2    | Killed TheNamelessOne's ghost
 29347 | D:11     | Offered knowledge of Poison Arrow by Vehumet.
 29351 | D:11     | Reached ****** piety under Vehumet
 30163 | D:11     | Found a portal to a secret trove of treasure.
 30728 | D:12     | Reached skill level 20 in Spellcasting
 31844 | D:13     | Offered knowledge of Bolt of Fire by Vehumet.
 31920 | D:13     | Reached skill level 15 in Fire Magic
 32338 | D:13     | Found a gate to the Vaults.
 32854 | D:14     | Offered knowledge of Ozocubu's Refrigeration by Vehumet.
 32857 | D:14     | Reached XP level 16. HP: 48/80 MP: 8/42
 33113 | D:14     | Found a shattered altar of Ashenzari.
 33192 | D:11     | Got a polished cloak
 33198 | D:11     | Identified the +1 cloak of the Komtur {Slay+3} (You found
                  | it on level 11 of the Dungeon)
 33502 | D:14     | Got a vibrating lead ring
 33658 | D:14     | Identified the ring "Watour" {+Fly MR+ EV+3 Int-2} (You
                  | took it off a kobold demonologist on level 14 of the
                  | Dungeon)
 33802 | D:14     | Reached skill level 21 in Spellcasting
 34332 | D:15     | Entered Level 15 of the Dungeon
 34710 | D:15     | Noticed Louise
 34713 | D:15     | Killed Louise
 34882 | D:15     | Reached skill level 1 in Ice Magic
 35019 | D:15     | Found a staircase to the Depths.
 35167 | D:15     | Noticed Rupert
 35172 | D:15     | Killed Rupert
 35847 | Swamp:1  | Entered Level 1 of the Swamp
 35913 | Swamp:1  | Reached skill level 5 in Earth Magic
 36372 | Swamp:1  | Offered knowledge of Glaciate by Vehumet.
 36372 | Swamp:1  | Offered knowledge of Shatter by Vehumet.
 36372 | Swamp:1  | Offered knowledge of Ignition by Vehumet.
 36399 | Swamp:1  | Learned a level 8 spell: Ignition
 36636 | Swamp:1  | Noticed Josephine
 36638 | Swamp:1  | Killed Josephine
 37045 | Swamp:1  | Identified a scroll of acquirement
 37047 | Swamp:1  | Found the +9 staff of Olgreb {rPois}
 38540 | Swamp:3  | Noticed a thorn hunter
 38699 | Swamp:3  | Killed a thorn hunter
 39008 | Swamp:3  | Noticed a thorn hunter
 39010 | Swamp:3  | Killed a thorn hunter
 39435 | Swamp:3  | Reached XP level 17. HP: 84/84 MP: 32/44
 39594 | Swamp:3  | Reached skill level 22 in Spellcasting
 40521 | Swamp:4  | Entered Level 4 of the Swamp
 42320 | Swamp:4  | Got a decaying rune of Zot
 42860 | Elf:1    | Entered Level 1 of the Elven Halls
 43054 | Orc:2    | Reached skill level 1 in Translocations
 43782 | Elf:1    | Mangled by a trident of freezing

Vault maps used:
D:1:      onia_arrival_mini_maze, minmay_stone_trees_large
D:2:      okawaru_trees_1, uniq_robin
D:3:      first_ration
D:4:      chequers_temple_overflow_minitemple, hangedman_decor_diamond_cutter
D:5:      uniq_prince_ribbit1, uniq_ijyb
D:6:      minmay_temple_entry_hall, uniq_pikel, uniq_grinder
D:7:      kennysheep_mini_moat, serial_shops, shop, grunt_ogre_cave
D:8:      gammafunk_ghost_spectres
D:9:      minitemple, lair_entry_dummy, uniq_erolcha
D:10:     hiddenorc2_lemuel
D:11:     wad_woods_minihive, trove_entry_hex_spiral
D:12:     spider_trap, glass_columns_a
D:13:     david_vaults_2, minivault_10
D:14:     minmay_heptahexagon, evilmike_ruin_ashenzari
D:15:     hangedman_depths_entry_try_elsewhere_first, hangedman_decor_riveting,
          uniq_louise, uniq_rupert
Lair:1:   dragon1_lemuel, lemuel_fruit_tree
Lair:2:   minmay_snake_entry_six_corridors, infiniplex_staircase_pool,
          grunt_megastairs_3
Lair:3:   minmay_swamp_entry_wisps
Lair:4:   beast_lair_carwin_9, grunt_megastairs_1, uniq_nergalle
Lair:5:   portal_ice_cave_entry_pillars_1, dpeg_oklob_1
Lair:6:   minmay_lair_end_enchanted_forest, dpeg_slime_entry_corner,
          lab_entry_generic, minmay_lair_oklob_bushes, hibernation_bobbens,
          lemuel_fruit_fields
Swamp:1:  evilmike_swamp_ruin_rubble_2, uniq_josephine
Swamp:2:  nicolae_swamp_triple_paths
Swamp:3:  evilmike_swamp_ruin_house_5, swamp_pool5
Swamp:4:  swamp_icy, swamp_pool1
Orc:1:    uniq_snorg, uniq_gastronok
Orc:2:    pf_orc_diabolical, gammafunk_ghost_grave,
          lightli_volcano_entry_magma_tube, uniq_urug
Elf:1:    elf_arrival_002, hangedman_elf_represent
IceCv:    ice_cave_small_giant

Skill      XL: |  1  2  3  4  5  6  7  8  9 10 11 12 13 14 15 16 17 |
---------------+----------------------------------------------------+-----
Stealth        | 3 4 5 |  5.9
Fire Magic     | 4 5 6 8 9 10 11 13 14 15 16 17 | 17.3
Conjurations   | 2 4 5 7 9 10 12 13 14 16 17 | 17.6
Spellcasting   | 4 6 8 10 12 14 16 17 19 20 21 22 | 22.6
Shields        | 2 3 4 5 |  5.5
Dodging        | 3 5 6 7 8 |  8.0
Fighting       | 1 2 |  2.1
Earth Magic    | 1 2 5 |  5.9
Ice Magic      | 1 |  1.1
Translocations | 1 |  1.2
Air Magic      | |  0.5

Action                   |  1- 3 |  4- 6 |  7- 9 | 10-12 | 13-15 | 16-18 || total
-------------------------+-------+-------+-------+-------+-------+-------++-------
Melee: Unarmed           |       |       |       |     1 |       |       ||     1
       Staff             |       |       |       |       |     2 |     1 ||     3
 Cast: Flame Tongue      |    68 |    52 |   188 |   342 |   736 |   169 ||  1555
       Conjure Flame     |       |     1 |     2 |    17 |    28 |     5 ||    53
       Throw Flame       |       |       |    13 |    19 |     4 |    15 ||    51
       Sticky Flame      |       |       |    23 |    78 |   167 |    52 ||   320
       Fireball          |       |       |     8 |    62 |   289 |   187 ||   546
       Bolt of Magma     |       |       |       |       |    59 |   117 ||   176
       Force Lance       |       |       |       |       |    13 |    13 ||    26
       Freezing Cloud    |       |       |       |       |     3 |     5 ||     8
       Blink             |       |       |       |       |     1 |     2 ||     3
       Ignition          |       |       |       |       |       |    29 ||    29
Evoke: Wand              |       |       |       |       |     1 |       ||     1
  Use: Scroll            |       |       |    10 |     7 |    23 |    12 ||    52
       Potion            |       |       |       |     1 |     6 |       ||     7
  Eat: Chunk             |     3 |     2 |    16 |    18 |    39 |    17 ||    95
       Ration            |       |       |     1 |     3 |     3 |     5 ||    12
Armor: Robe              |     3 |     6 |    14 |    28 |    21 |    23 ||    95
Dodge: Dodged            |    12 |     7 |    44 |    92 |   210 |    87 ||   452
Block: Buckler           |     1 |     3 |    15 |    37 |    78 |    72 ||   206
       Reflection        |       |       |       |       |     2 |     4 ||     6

Table legend:
 A = Non-vault XP
 B = Vault XP
 C = Vault XP percentage of total XP
 D = Non-vault monster count
 E = Vault monster count
 F = Vault count percentage of total count
                 A         B        C        D         E       F
            +---------+---------+-------+---------+---------+-------
      Total |  167691 |   95653 |  36.3 |     713 |     368 |  34.0
            +---------+---------+-------+---------+---------+-------
        D:1 |      25 |       0 |   0.0 |      14 |       0 |   0.0
        D:2 |      34 |      26 |  43.3 |       9 |       7 |  43.8
        D:3 |     165 |       0 |   0.0 |      23 |       0 |   0.0
        D:4 |    1480 |       0 |   0.0 |      21 |       0 |   0.0
        D:5 |     230 |     289 |  55.7 |       8 |       2 |  20.0
        D:6 |     578 |     607 |  51.2 |      18 |       1 |   5.3
        D:7 |    1228 |     121 |   9.0 |      21 |       1 |   4.5
        D:8 |    2433 |       0 |   0.0 |      17 |       0 |   0.0
        D:9 |    4080 |     959 |  19.0 |      25 |       1 |   3.8
       D:10 |    3595 |     463 |  11.4 |      29 |      32 |  52.5
       D:11 |    4185 |    2792 |  40.0 |      21 |      45 |  68.2
       D:12 |    4845 |       0 |   0.0 |      32 |       0 |   0.0
       D:13 |    7506 |    1371 |  15.4 |      30 |       3 |   9.1
       D:14 |   17228 |   16256 |  48.5 |      50 |      42 |  45.7
       D:15 |    4461 |    8333 |  65.1 |      19 |       6 |  24.0
     Lair:1 |    7951 |    1081 |  12.0 |      30 |       1 |   3.2
     Lair:2 |    4742 |    3497 |  42.4 |      23 |      23 |  50.0
     Lair:3 |    4615 |     471 |   9.3 |      19 |       3 |  13.6
     Lair:4 |    3729 |    2786 |  42.8 |      14 |       7 |  33.3
     Lair:5 |    9342 |    1092 |  10.5 |      33 |       2 |   5.7
     Lair:6 |   12256 |    9868 |  44.6 |      50 |      47 |  48.5
    Swamp:1 |   10096 |    2143 |  17.5 |      29 |       6 |  17.1
    Swamp:2 |    9455 |       0 |   0.0 |      26 |       0 |   0.0
    Swamp:3 |   20957 |       0 |   0.0 |      37 |       0 |   0.0
    Swamp:4 |   12256 |    9279 |  43.1 |      30 |      31 |  50.8
      Orc:1 |    5091 |    3541 |  41.0 |      55 |       4 |   6.8
      Orc:2 |    1381 |   17904 |  92.8 |       5 |      63 |  92.6
      Elf:1 |   13747 |    2859 |  17.2 |      25 |       5 |  16.7
      IceCv |       0 |    9915 | 100.0 |       0 |      36 | 100.0
            +---------+---------+-------+---------+---------+-------
